AoeStats
← bkg45

Nomad

504361132Analyzed
4v4 RM · 28d ago on Sep 5, 2026· 44m 5s· 8 players
Game mode
Random Map
Map size
231×231
Population
200
Speed
Normal
Resources
Standard
Victory
Conquest
Starting age
Dark Age
Ending age
Imperial Age
RankedLock teamsTeams togetherTeam positionsShared explorationLock speedFull tech treeHidden civsTurbo modeCheats
Victory
Defeat
🇨🇦 Koreans · Canada
1255
+13
🇺🇸 Magyars · United States
1231
+14
🇺🇸 Malians · United States
1214
+15
🇺🇸 Mongols · United States
1178
+17
🇺🇸 Teutons · United States
1207
-15
🇺🇸 Armenians · United States
1203
-15
🇺🇸 Wu · United States
1194
-15
🇬🇧 Huns · United Kingdom
1163
-14
BrownBomber81
9:57 Loom
13:01 Feudal Age
13:08 Man-at-Arms
14:12 Double-Bit Axe
15:15 Scale Mail Armor
22:08 Castle Age
20:29 Forging
21:08 Fletching
22:14 Long Swordsman
22:55 Squires
23:28 Bodkin Arrow
24:22 Chain Mail Armor
TonyMangtana
13:15 Feudal Age
17:07 Castle Age
16:01 Double-Bit Axe
18:10 Bow Saw
17:41 Horse Collar
18:07 Loom
18:34 Heavy Plow
22:09 Wheelbarrow
21:20 Town Watch
23:25 Gold Mining
30:33 Bloodlines
30:30 Scale Barding Armor
31:06 Forging
31:37 Chain Barding Armor
32:43 Iron Casting
TheKeeG_
3:40 Loom
14:54 Feudal Age
19:01 Castle Age
17:00 Double-Bit Axe
18:11 Gold Mining
18:04 Horse Collar
18:17 Fletching
18:38 Stone Mining
20:11 Wheelbarrow
19:57 Medium Warships
20:21 Bodkin Arrow
23:50 Bow Saw
24:13 Padded Archer Armor
25:47 Leather Archer Armor
28:08 Gold Shaft Mining
28:43 Hand Cart
31:39 Town Watch
34:13 Ballistics
39:51 Imperial Age
K
14:23 Feudal Age
19:12 Castle Age
19:57 Horse Collar
22:00 Wheelbarrow
21:13 Double-Bit Axe
21:54 Loom
27:39 Gold Mining
27:55 Heavy Plow
32:56 Imperial Age
31:18 Hand Cart
32:07 Husbandry
32:20 Forging
32:15 Scale Barding Armor
31:58 Town Watch
32:33 Bow Saw
33:03 Bloodlines
33:12 Cavalier
35:13 Iron Casting
36:53 Gold Shaft Mining
36:11 Stone Mining
37:25 Two-Man Saw
39:36 Chain Barding Armor
40:17 Blast Furnace
39:19 Paladin
42:26 Conscription
Howie
4:56 Loom
13:14 Feudal Age
17:42 Castle Age
15:50 Horse Collar
16:38 Double-Bit Axe
18:38 Fishing Lines
20:04 Wheelbarrow
19:50 Bow Saw
23:18 Gillnets
26:22 Gold Mining
26:41 Heavy Plow
27:13 Stone Mining
27:59 Gold Shaft Mining
31:00 Imperial Age
28:18 Town Watch
29:08 Scale Barding Armor
29:14 Forging
29:48 Hand Cart
31:44 Farimba
31:13 Cavalier
32:07 Bloodlines
32:57 Conscription
32:42 Husbandry
34:35 Iron Casting
35:25 Chain Barding Armor
34:57 Fletching
35:43 Bodkin Arrow
38:33 Plate Barding Armor
osteor10
7:28 Loom
13:56 Feudal Age
19:01 Castle Age
22:48 Double-Bit Axe
31:17 Imperial Age
32:00 Wheelbarrow
31:32 Capped Ram
32:18 Town Watch
33:35 Conscription
34:57 Drill
35:17 Bow Saw
35:49 Siege Ram
36:56 Gold Mining
44:45 Hand Cart
44:31 Town Patrol
FEMALE INCA VILLAGER
4:22 Loom
14:44 Feudal Age
18:31 Castle Age
17:12 Fletching
19:26 Bodkin Arrow
19:25 Double-Bit Axe
22:30 Fishing Lines
24:23 Bow Saw
25:49 Wheelbarrow
24:59 Town Watch
26:19 Ballistics
35:07 Imperial Age
32:23 Treadmill Crane
bkg45
8:39 Loom
13:39 Feudal Age
17:28 Castle Age
15:16 Double-Bit Axe
15:19 Horse Collar
16:43 Town Watch
17:31 Fishing Lines
18:34 Bow Saw
19:39 Scale Barding Armor
19:43 Heavy Plow
22:17 Gold Mining
24:35 Chain Barding Armor
25:15 Bloodlines
25:06 Husbandry
26:26 Corvinian Army
29:11 Wheelbarrow
36:09 Hand Cart
Connection lost

Rejoining the realm…

Still unreachable

The connection could not be restored.

Session expired

The server has moved on; the page needs a fresh start.